 Dungeon Crawl Stone Soup version 0.26-a0-663-g36e8fdb655 (webtiles) character file.

Game seed: 5203974947614104828

5 Gargoyl the Skirmisher (level 1, -3/23 HPs)
             Began as a Gnoll Abyssal Knight on Oct 11, 2020.
             Was a Follower of Lugonu.
             Slain by a thrashing horror (10 damage)
             ... on level 2 of the Abyss.
             The game lasted 00:00:22 (261 turns).

Gargoyl the Skirmisher (Gnoll Abyssal Knight)        Turns: 261, Time: 00:00:23

Health: -3/23      AC:  3    Str: 14    XL:     1   Next: 80%
Magic:  3/3        EV: 12    Int: 14    God:    Lugonu [*.....]
Gold:   0          SH:  0    Dex: 14    Spells: 0/0 levels left

rFire    . . .     SeeInvis .   a - +1 hand axe
rCold    . . .     Faith    .   (no shield)
rNeg     . . .     Spirit   .   b - +0 leather armour
rPois    .         Reflect  .   (no helmet)
rElec    .         Harm     .   (no cloak)
rCorr    .         Rampage  .   (no gloves)
MR       .....                  (no boots)
Stlth    +.........             (no amulet)
HPRegen  0.07/turn              (no ring)
MPRegen  0.08/turn              (no ring)

@: very slow
A: distributed training, fangs 1, strong nose
a: Depart the Abyss, Renounce Religion


You were on level 2 of the Abyss.
You worshipped Lugonu.
Lugonu was aware of your devotion.
You visited 0 branches of the dungeon, and saw 0 of its levels.
You visited the Abyss 1 time.

Inventory:

Hand Weapons
 a - a +1 hand axe (weapon)
Armour
 b - a +0 leather armour (worn)
Wands
 c - a wand of digging (7)


   Skills:
 + Level 6.4 Fighting
 + Level 0.1 Short Blades
 + Level 0.1 Long Blades
 + Level 4.4 Axes
 + Level 0.1 Maces & Flails
 + Level 0.1 Polearms
 + Level 0.1 Staves
 + Level 0.1 Slings
 + Level 0.1 Bows
 + Level 0.1 Crossbows
 + Level 0.1 Throwing
 + Level 4.4 Armour
 + Level 2.4 Dodging
 + Level 0.1 Stealth
 + Level 0.1 Shields
 + Level 0.1 Unarmed Combat
 + Level 0.1 Spellcasting
 + Level 0.1 Conjurations
 + Level 0.1 Hexes
 + Level 0.1 Summonings
 + Level 0.1 Necromancy
 + Level 0.1 Translocations
 + Level 0.1 Transmutations
 + Level 0.1 Fire Magic
 + Level 0.1 Ice Magic
 + Level 0.1 Air Magic
 + Level 0.1 Earth Magic
 + Level 0.1 Poison Magic
 + Level 4.4 Invocations
 + Level 0.1 Evocations


You couldn't memorise any spells.
You didn't know any spells.
Your spell library was empty.

Dungeon Overview and Level Annotations

Branches:
Dungeon (0/15)

Altars:


Innate Abilities, Weirdness & Mutations

Your experience applies equally to all skills.
You have very sharp teeth.
Your uncanny sense of smell can sniff out nearby items.


Message History

You hit the ufetubus.
The ufetubus is heavily wounded.
The ufetubus misses you. The ufetubus hits you.
You slash the ufetubus!
You kill the ufetubus!
Unknown command.
A thrashing horror comes into view.
The thrashing horror moves out of view.
A thrashing horror is nearby!
The thrashing horror roars!
The thrashing horror completely misses you.
The thrashing horror tramples you.
You stumble backwards!
The thrashing horror roars!
The thrashing horror tramples you.
You stumble backwards!
The thrashing horror tramples you!
You stumble backwards!
You enter the shallow water.
Moving in this stuff is going to be slow.
The thrashing horror roars!
The thrashing horror tramples you!
You die...

... #≈≈. .... ≈≈≈ #
.#..## ≈≈#.#. #.....
#≈≈#... ...#..
≈≈≈....
....##≈≈..#.#.
#.#..≈≈...#. #. .
#...@≈≈###.##.# #
#..###X....#..... #.
#.......###.......
##.##≈..#..#.....
..#..≈.........# ..
###≈....#.#..#
.#..#≈≈.......## # #
#...♣≈....#.#.##. ..
..##≈≈..............


You could see a thrashing horror.

Vanquished Creatures
  An ufetubus (Abyss:2)
1 creature vanquished.

Notes
Turn   | Place    | Note
-------+----------+-------------------------------------------
     0 | Abyss:1  | Gargoyl the Gnoll Abyssal Knight began the quest for the
                  | Orb.
     0 | Abyss:1  | Reached XP level 1. HP: 23/23 MP: 3/3
    51 | Abyss:1  | Noticed a large abomination
    51 | Abyss:1  | Noticed a wretched star
    51 | Abyss:1  | Noticed a slime creature
    51 | Abyss:1  | Noticed a satyr
    51 | Abyss:1  | a slime creature changed into a satyr
    52 | Abyss:1  | Noticed a merfolk
    52 | Abyss:1  | Noticed a ynoxinul
    52 | Abyss:1  | Noticed a human
    53 | Abyss:1  | Found a corrupted altar of Lugonu.
    53 | Abyss:1  | Noticed a tentacled monstrosity
    53 | Abyss:1  | Noticed a deep elf elementalist
    53 | Abyss:1  | Noticed a wretched star
    55 | Abyss:1  | Noticed a tentacled starspawn
    55 | Abyss:1  | Noticed an earth elemental
    55 | Abyss:1  | Noticed an earth elemental
    58 | Abyss:1  | Noticed an earth elemental
   229 | Abyss:1  | Found a corrupted altar of Lugonu.
   254 | Abyss:2  | Noticed a thrashing horror
   261 | Abyss:2  | Slain by a thrashing horror

Illustrated notes

Levels and vault maps discovered:
Abyss:2:  minivault_11

Action                   || total
-------------------------++-------
Melee: Hand axe          ||     2
Armor: Leather armour    ||     1
Dodge: Dodged            ||     4

Table legend: (Time is in decaauts)
 A = Elapsed time spent in this place.
 B = Non-inter-level travel time spent in this place.
 C = Inter-level travel time spent in this place.
 D = Time resting spent in this place.
 E = Time spent auto-exploring this place.
 F = Levels seen in this place.
 G = Mean time per level.
                   A        B        C        D        E       F      G
               +--------+--------+--------+--------+--------+-----+--------+
         Total |    265 |    265 |      0 |      0 |    215 |   2 |  132.5 |
         Abyss |    265 |    265 |      0 |      0 |    215 |   2 |  132.5 |
               +--------+--------+--------+--------+--------+-----+--------+

Top non-repeatable levels by time:
 Abyss:1: 236 daAuts
 Abyss:2: 28 daAuts
